 Dungeon Crawl Stone Soup version 0.29-a0-542-g075992c915 (webtiles) character file.

Game seed: 17933615234950475276

81 sammy202020 the Skirmisher (level 4, -1/37 HPs)
             Began as a Demonspawn Berserker on June 4, 2022.
             Was a Follower of Trog.
             Slain by an orc
             ... wielding a +0 whip
              (2 damage)
             ... on level 3 of the Dungeon.
             The game lasted 00:03:03 (2878 turns).

sammy202020 the Skirmisher (Demonspawn Berserker)   Turns: 2878, Time: 00:03:03

Health: -1/37      AC:  8    Str: 17    XL:     4   Next: 20%
Magic:  4/4        EV: 11    Int: 11    God:    Trog [*.....]
Gold:   141        SH:  5    Dex: 12    Spells: 3/3 levels left

rFire   . . .      SeeInvis .   a - +1 hand axe
rCold   . . .      Faith    .   (no shield)
rNeg    . . .      Spirit   .   o - +1 ring mail
rPois   .          Reflect  +   (helmet restricted)
rElec   .          Harm     .   (no cloak)
rCorr   .          Rampage  .   (no gloves)
Will    .....                   (no boots)
Stlth   +.........              c - amulet of reflection
HPRegen 0.12/turn               (no ring)
MPRegen 0.09/turn               (no ring)

@: mighty, on berserk cooldown, slowed, very slow
A: horns 1, yellow scales 1
a: Renounce Religion, Berserk


You were on level 3 of the Dungeon.
You worshipped Trog.
Trog was aware of your devotion.
You visited 1 branch of the dungeon, and saw 3 of its levels.

You collected 141 gold pieces.

Inventory:

Hand Weapons
 a - a +1 hand axe (weapon)
 i - a +0 club
 n - a +2 hunting sling of flaming
Armour
 o - a +1 ring mail (worn)
Jewellery
 c - an amulet of reflection (around neck)
Scrolls
 b - a scroll of enchant armour
 d - a scroll of torment {unknown}
 m - 2 scrolls of teleportation
Potions
 f - a potion of cancellation {unknown}
 g - a potion of flight {unknown}
 j - a potion of heal wounds {unknown}


   Skills:
 * Level 3.8 Fighting
 * Level 3.4 Axes
 + Level 2.2 Armour
 + Level 2.3 Dodging


You had 3 spell levels left.
You didn't know any spells.
Your spell library was empty.

Dungeon Overview and Level Annotations

Branches:
Dungeon (3/15)

Altars:


Innate Abilities, Weirdness & Mutations

You have a pair of small horns on your head.
You are partially covered in yellow scales. (AC +2)


Message History

You bump into the rock wall.
Something hits you.
* * * LOW HITPOINT WARNING * * *
You miss something. Your headbutt misses something.
Something hits you but does no damage.
You bump into the rock wall.
Something hits you but does no damage.
You bump into the rock wall.
You feel less confused. Something hits you but does no damage.
A red film seems to cover your vision as you go berserk!
You feel yourself moving faster!
You feel mighty! Something hits you.
* * * LOW HITPOINT WARNING * * *
You barely miss something. Something hits you but does no damage.
You hit something.
An orc wizard appears from thin air!
Reactivating autopickup.
The orc wizard gestures at you while chanting.
You are confused.
You closely miss the orc wizard.
The orc wizard is severely wounded.
You bump into the rock wall.
The orc wizard completely misses you.
You slash the orc wizard!
You kill the orc wizard!
Trog accepts your kill.
Trog appreciates your killing of a magic user.
You have reached level 4!
You feel clever.
Your demonic ancestry asserts itself...
Yellow scales grow over part of your body.
You barely miss the orc. You punch the orc!
You kill the orc!
Trog accepts your kill.
You bump into the rock wall.
You bump into the rock wall.
You feel a strong urge to attack something.
You bump into the rock wall.
You feel less confused.
You are no longer berserk.
You are exhausted.
You feel yourself slow down. The orc hits you but does no damage.
You closely miss the orc. You headbutt the orc.
The orc is severely wounded.
The orc hits you with a +0 whip.
You die...

# ....#########
#.$oo@...#########
#.######..........#
#=.#######.# #..#
#.# #..# #.# #..#
#.# #..# #.# ...#
#.# .... #.#


You could see 2 orcs.

Vanquished Creatures
  An orc wizard (D:3)
  3 adders (D:2)
  2 orcs (D:3)
  2 endoplasms (D:2)
  4 goblins
  6 hobgoblins
  A quokka (D:2)
  2 ball pythons
  A bat (D:1)
  2 frilled lizards
  A kobold (D:2)
  3 rats
28 creatures vanquished.

Notes
Turn   | Place    | Note
-------+----------+-------------------------------------------
     0 | D:1      | sammy202020 the Demonspawn Berserker began the quest for
                  | the Orb.
     0 | D:1      | Reached XP level 1. HP: 18/18 MP: 1/1
   871 | D:1      | Gained mutation: You have a pair of small horns on your
                  | head. [demonic ancestry]
   871 | D:1      | Reached XP level 2. HP: 24/24 MP: 2/2
  1250 | D:2      | Found a faded altar of an unknown god.
  1416 | D:2      | Reached XP level 3. HP: 19/29 MP: 3/3
  1641 | D:2      | HP: 1/29 [poisoned by an adder]
  2864 | D:3      | HP: 1/29 [something (2)]
  2874 | D:3      | Gained mutation: You are partially covered in yellow
                  | scales. (AC +2) [demonic ancestry]
  2874 | D:3      | Reached XP level 4. HP: 2/37 MP: 4/4
  2878 | D:3      | Slain by an orc

Illustrated notes

Levels and vault maps discovered:
D:1:      shiori_arrival_maze, layout_loops_cross
D:2:      layout_loops_ring, hellmonk_ecumenical_altar_pennies_from_heaven
D:3:      layout_loops_ring, evilmike_ruin_ashenzari, grunt_decor_cap,
          uniq_sigmund

Skill      XL: |  1  2 |
---------------+-------+-----
Armour         | 2 |  2.2
Axes           | 3 |  3.4
Dodging        | 2 |  2.3
Fighting       | |  3.8

Action                   |  1- 3 |  4- 6 || total
-------------------------+-------+-------++-------
Melee: Hand axe          |    92 |     2 ||    94
       Headbutt          |     6 |     1 ||     7
       Punch             |       |     1 ||     1
Invok: Berserk           |     4 |       ||     4
  Use: Scroll            |     7 |       ||     7
       Potion            |     1 |       ||     1
Armor: Animal skin       |    13 |       ||    13
       Ring mail         |     9 |     1 ||    10
Dodge: Dodged            |    45 |       ||    45
Block: Other             |    18 |       ||    18

Table legend: (Time is in decaauts)
 A = Elapsed time spent in this place.
 B = Non-inter-level travel time spent in this place.
 C = Inter-level travel time spent in this place.
 D = Time resting spent in this place.
 E = Time spent auto-exploring this place.
 F = Levels seen in this place.
 G = Mean time per level.
                   A        B        C        D        E       F      G
               +--------+--------+--------+--------+--------+-----+--------+
         Total |   2919 |   2898 |     21 |    646 |   1929 |   3 |  973.0 |
       Dungeon |   2919 |   2898 |     21 |    646 |   1929 |   3 |  973.0 |
               +--------+--------+--------+--------+--------+-----+--------+

Top non-repeatable levels by time:
     D:2: 1652 daAuts
     D:1: 1137 daAuts
     D:3: 128 daAuts
